 Seeded DCSS version 0.30.1-4-g462c640d31 (webtiles) character file.

Game seed: 15660985446129201502 (custom seed)

578 AccursedSamuel the Slasher (level 7, -6/39 HPs)
             Began as a Tengu Monk on Sept 12, 2023.
             Was an Elder of Hepliaklqana.
             Mangled by Edmund
             ... wielding a +2 heavy dire flail
              (13 damage)
             ... on level 5 of the Dungeon.
             The game lasted 00:08:32 (3254 turns).

AccursedSamuel the Slasher (Tengu Monk)             Turns: 3254, Time: 00:08:32

Health: -6/39      AC:  3    Str:  8    XL:     7   Next: 36%
Magic:  8/8        EV: 17    Int: 15    God:    Hepliaklqana [****..]
Gold:   158        SH:  0    Dex: 18    Spells: 6/6 levels left

rFire   . . .        e - +5 triple sword "Luucwaem" {drain, rC+ Str-4 Int+5}
rCold   + . .        (shield currently unavailable)
rNeg    . . .        b - +1 robe
rPois   .            (helmet restricted)
rElec   .            (no cloak)
rCorr   .            (no gloves)
SInv    .            (boots unavailable)
Will    .....        (no amulet)
Stlth   ++           (no ring)
HPRegen 0.26/turn    (no ring)
MPRegen 0.11/turn

%: no passive effects
@: flying quickly and evasively, quick
A: reduced essence, beak, talons 3, nimble flight
a: Renounce Religion, Ancestor Life: Knight, Ancestor Life: Battlemage, Ancestor
Life: Hexer, Recall Ancestor, Ancestor Identity, Transference, Idealise


You were on level 5 of the Dungeon.
You worshipped Hepliaklqana.
Hepliaklqana was greatly pleased with you.
You visited 1 branch of the dungeon, and saw 5 of its levels.

You collected 158 gold pieces.

Inventory:

Hand Weapons
 e - the +5 triple sword "Luucwaem" (weapon) {drain, rC+ Str-4 Int+5}
   (You acquired it on level 1 of the Dungeon)

   Str:       It affects your strength (-4).
   Int:       It affects your intelligence (+5).
   rC:        It protects you from cold.
Armour
 b - a +1 robe (worn)
 d - an orb of light
Jewellery
 m - a +4 ring of protection
Wands
 g - a wand of iceblast (2)
Scrolls
 a - a scroll of blinking
 n - 6 scrolls of teleportation
Potions
 c - a potion of ambrosia
 l - a potion of magic


   Skills:
 + Level 4.5 Fighting
 + Level 7.0 Long Blades
 + Level 4.8 Dodging
 + Level 1.7 Stealth


You had 6 spell levels left.
You didn't know any spells.
Your spell library contained the following spells:

 Spells                   Type           Power      Damage    Failure   Level
 Cigotuvi's Dreadful Rot  Necr/Pois/Air  0%         N/A       38%         2
 Lesser Beckoning         Tloc           0%         N/A       38%         2
 Gell's Gravitas          Tloc           0%         N/A       63%         3
 Ignite Poison            Fire/Tmut/Pois 0%         N/A       63%         3
 Teleport Other           Tloc           0%         N/A       63%         3
 Dispel Undead            Necr           0%         3d6       95%         4
 Sticky Flame             Conj/Fire      0%         2d3       95%         4
 Death Channel            Necr           0%         N/A       100%        6
 Ignition                 Fire           0%         3d3       100%        8


Dungeon Overview and Level Annotations

Branches:
Dungeon (5/15)
 Temple: D:4-7

Altars:
Hepliaklqana
Wu Jian

Annotations:
D:5 Edmund


Innate Abilities, Weirdness & Mutations

Your life essence is reduced to manifest your ancestor. (-10% HP)
You have a beak for a mouth.
You have claws for feet.
Your magical nature lets you fly swiftly and evasively.


Message History

You see here a +0 short sword.
Done exploring.
Done exploring.
Blink to where?
Press: ? - help, Dir - move target
As you read the scroll labelled RIR OMUELEE, it crumbles to dust.
It was a scroll of blinking.
Okay, then.
Okay, then.
As you read the scroll labelled QONGOPSELEA, it crumbles to dust.
Your body is wracked with pain!
It was a scroll of torment.
You start resting.
HP restored.
You swap places.
There is a stone staircase leading down here.
You fly downwards.
Found 6 gold pieces, a trident and a potion of attraction.
There is a stone staircase leading up here.
You now have 158 gold pieces (gained 6).
There is a stone staircase leading up here.
Edmund the Younger comes into view.
He is wielding a +2 heavy dire flail and wearing a +2 chain mail of cold resistance.
Edmund is nearby!
Edmund shouts!
Found a viscous emerald potion.
Edmund misses you.
Found a scroll of enchant armour.
Edmund hits you but does no damage.
You hit Edmund but do no damage. Your kick misses Edmund.
Edmund hits you with a +2 heavy dire flail!
You hit Edmund but do no damage.
Edmund hits you with a +2 heavy dire flail!!
Ouch! That really hurt!
* * * LOW HITPOINT WARNING * * *
You hit Edmund but do no damage. Your kick misses Edmund.
You peck Edmund, but do no damage.
Edmund hits you with a +2 heavy dire flail.
* * * LOW HITPOINT WARNING * * *
You slash Edmund! You drain Edmund. You claw Edmund.
Edmund is moderately wounded.
Edmund hits you with a +2 heavy dire flail!
You die...

..............
.............#
.............###
...............#
................
.............#
..!....@.....#
......!@.....##
.............)#
?.............#
..............#
P..........<###
≈§..##......#
§≈P. #####..#


PP. #..# ##.## You could see Edmund (drained).

Vanquished Creatures
  A scorpion (D:4)
  A hound (D:4)
  Crazy Yiuf (D:2)
  3 orc priests
  An iguana (D:4)
  Jessica (D:2)
  Ijyb (D:4)
  3 adders
  An ufetubus (D:4)
  A worm (D:4)
  3 dart slugs
  7 orcs
  7 endoplasms
  2 giant cockroaches (D:2)
  6 goblins
  6 hobgoblins
  4 kobolds
  5 quokkas
  5 ball pythons
  2 bats
  4 frilled lizards (D:2)
  6 rats
  A spectral kobold (D:2)
72 creatures vanquished.

Vanquished Creatures (collateral kills)
  Sigmund (D:4)
  An ufetubus (D:4)
  A dart slug (D:2)
  2 orcs (D:4)
  An endoplasm (D:3)
  A hobgoblin (D:2)
  A rat (D:2)
8 creatures vanquished.

Grand Total: 80 creatures vanquished

Notes
Turn   | Place    | Note
-------+----------+-------------------------------------------
     0 | D:1      | AccursedSamuel the Tengu Monk began the quest for the Orb.
     0 | D:1      | Reached XP level 1. HP: 14/14 MP: 2/2
    69 | D:1      | Reached XP level 2. HP: 18/19 MP: 3/3
   123 | D:1      | Identified a scroll of acquirement
   123 | D:1      | Acquired the +5 triple sword "Luucwaem" {drain, rC+ Str-4
                  | Int+5}
   366 | D:2      | Found a faded altar of an unknown god.
   373 | D:2      | Reached XP level 3. HP: 23/23 MP: 4/4
   402 | D:2      | Prayed at the altar of an unknown god.
   402 | D:2      | Became a worshipper of Hepliaklqana the Forgotten
   402 | D:2      | Reached * piety under Hepliaklqana
   402 | D:2      | Reached ** piety under Hepliaklqana
   494 | D:2      | Found a runed translucent door.
   495 | D:2      | Noticed Crazy Yiuf
   605 | D:2      | Reached skill level 4 in Long Blades
   622 | D:2      | Noticed Jessica
   627 | D:2      | Reached *** piety under Hepliaklqana
   632 | D:2      | Killed Jessica
   633 | D:2      | Reached XP level 4. HP: 22/25 MP: 5/5
   923 | D:2      | Killed Crazy Yiuf
  1226 | D:3      | Reached skill level 5 in Long Blades
  1226 | D:3      | Gained mutation: Your magical nature lets you fly swiftly
                  | and evasively. [Tengu growth]
  1226 | D:3      | Reached XP level 5. HP: 28/29 MP: 6/6
  1904 | D:3      | Found an ornate altar of the Wu Jian Council.
  2165 | D:4      | Reached XP level 6. HP: 34/34 MP: 7/7
  2279 | D:4      | Reached skill level 6 in Long Blades
  2279 | D:4      | Reached skill level 1 in Stealth
  2675 | D:4      | Noticed Ijyb
  2682 | D:4      | Killed Ijyb
  2682 | D:4      | Noticed Sigmund
  2686 | D:4      | Killed Sigmund
  2687 | D:4      | Reached skill level 7 in Long Blades
  2687 | D:4      | Reached XP level 7. HP: 29/39 MP: 8/8
  3109 | D:4      | Reached **** piety under Hepliaklqana
  3226 | D:5      | Entered Level 5 of the Dungeon
  3243 | D:5      | Noticed Edmund
  3254 | D:5      | Mangled by Edmund

Illustrated notes

Levels and vault maps discovered:
D:1:      minmay_arrival_pointy, layout_loops_ring, minmay_gold_behind_fungi
D:2:      layout_basic, dreamdust_ecumenical_altar_drowned_temple,
          hangedman_decor_clover_reticule, fountainhead,
          uniq_crazy_yiuf_cottage, uniq_jessica
D:3:      layout_loops_ring, general_overflow_altar, serial_bayou_pond_d
D:4:      layout_basic, nicolae_eternal_life, uniq_ijyb, uniq_sigmund
D:5:      layout_layer_cave, mainiacjoe_overflow_small_starburst,
          elyvilon_altar_1, serial_demonic, serial_demonic_e, serial_demonic_b,
          serial_demonic_e, serial_demonic_a, serial_demonic_e,
          serial_demonic_e, serial_demonic_g, serial_demonic_a,
          serial_demonic_d, serial_demonic_g, uniq_edmund

Skill      XL: |  1  2  3  4  5  6 |
---------------+-------------------+-----
Long Blades    | 4 5 7 |  7.0
Dodging        | 4 |  4.8
Fighting       | 4 |  4.5
Stealth        | 1 |  1.7

Action                     |  1- 3 |  4- 6 |  7- 9 || total
---------------------------+-------+-------+-------++-------
  Melee: Falchion          |    13 |       |       ||    13
         Kick              |     5 |     9 |     1 ||    15
         Peck              |     4 |     7 |     1 ||    12
         Triple sword      |    23 |    76 |     9 ||   108
    Use: Scroll            |     1 |     5 |     2 ||     8
         Potion            |       |     5 |       ||     5
   Stab: Sleeping          |       |     3 |       ||     3
         Distracted        |       |     1 |       ||     1
 Armour: Robe              |     7 |    14 |     2 ||    23
  Dodge: Dodged            |    38 |    74 |     6 ||   118
